 Dungeon Crawl Stone Soup version 0.30.1-4-g462c640d31 (webtiles) character file.

Game seed: 9088815808214075691

786 Labrat the Magician (level 8, -1/62 HPs)
             Began as a Meteoran Earth Elementalist on Aug 31, 2023.
             Succumbed to a water moccasin's poison
             ... on level 6 of the Dungeon.
             The game lasted 00:12:05 (1454 turns).

Labrat the Magician (Meteoran Earth Elementalist)   Turns: 1454, Time: 00:12:05

Health: -1/62      AC:  5    Str:  9    XL:     8   Next: 33%
Magic:  12/19      EV: 13    Int: 19    God:
Gold:   196        SH:  0    Dex: 15    Spells: 14/20 levels left

rFire   . . .        (no weapon)
rCold   . . .        (no shield)
rNeg    . . .        n - +2 animal skin
rPois   .            o - +0 helmet
rElec   .            (no cloak)
rCorr   .            (no gloves)
SInv    .            (no boots)
Will    +....        (no amulet)
Stlth   +            (no ring)
HPRegen 0.30/turn    (no ring)
MPRegen 0.16/turn

%: no passive effects
@: lethally poisoned (-1 -> -21), glowing
A: sense surroundings 1, otherworldly, glowing, explore regen
a: no special abilities


You were on level 6 of the Dungeon.
You visited 1 branch of the dungeon, and saw 6 of its levels.

You collected 196 gold pieces.

Inventory:

Armour
 n - a +2 animal skin (worn)
 o - a +0 helmet (worn)
Jewellery
 l - an amulet of faith
Scrolls
 e - 3 scrolls of poison {unknown}
 f - a scroll of blinking {unknown}
 g - 4 scrolls of identify {unknown}
 i - 2 scrolls of teleportation {unknown}
 j - a scroll of immolation {unknown}
 p - a scroll of torment {unknown}
 r - a scroll of enchant weapon {unknown}
Potions
 a - 2 potions of heal wounds {unknown}
 b - a potion of magic
 c - a potion of invisibility {unknown}
 d - a potion of berserk rage {unknown}
 h - a potion of curing {unknown}
 k - a potion of might {unknown}
 m - a potion of flight {unknown}
 q - a potion of haste {unknown}


   Skills:
 + Level 2.7 Fighting
 + Level 4.0 Dodging
 - Level 1.4 Stealth
 + Level 6.8 Spellcasting
 + Level 1.2 Conjurations
 - Level 4.0 Transmutations
 - Level 6.0 Earth Magic


You had 14 spell levels left.
You knew the following spells:

 Your Spells              Type           Power      Damage    Failure   Level
a - Sandblast             Erth           58%        2d13      1%          1
b - Passwall              Tmut/Erth      20%        N/A       1%          2
c - Stone Arrow           Conj/Erth      40%        3d9       7%          3

Your spell library contained the following spells:

 Spells                   Type           Power      Damage    Failure   Level
 Petrify                  Tmut/Erth      25%        N/A       13%         4
 Sublimation of Blood     Necr           6%         N/A       16%         2
 Ozocubu's Armour         Ice            6%         N/A       30%         3
 Irradiate                Conj/Tmut      8%         3d14      67%         5
 Ozocubu's Refrigeration  Ice            3%         4d8       100%        7


Dungeon Overview and Level Annotations

Branches:
Dungeon (6/15) Zot: 2066
 Temple: D:4-7

Altars:
Ashenzari
Cheibriados
Fedhas
Kikubaaqudgha
Qazlal
Ru
Zin


Innate Abilities, Weirdness & Mutations

You passively map a small area around you.
You are easily found by Zot.
You glow in the dark.
You regain HP and MP as you explore.


Message History

The water moccasin bites you but does no damage.
Casting: Sandblast (safe; 1% risk of failure)
Confirm with . or Enter, or press ? or * to list all spells.
Aiming: Sandblast (safe; 1% risk of failure)
Press: ? - help, Shift-Dir - straight line, f/p - water moccasin
Aim: a water moccasin (severely wounded, 72% to hit)
The blast of sand hits the water moccasin.
The water moccasin is severely wounded.
You feel very sick. The water moccasin bites you.
The water moccasin closely misses you.
Casting: Sandblast (safe; 1% risk of failure)
Confirm with . or Enter, or press ? or * to list all spells.
Aiming: Sandblast (safe; 1% risk of failure)
Press: ? - help, Shift-Dir - straight line, f/p - water moccasin
Aim: a water moccasin (severely wounded, 72% to hit)
The blast of sand misses the water moccasin.
You feel sick. The water moccasin bites you.
* * * LOW HITPOINT WARNING * * *
The water moccasin barely misses you.
Casting: Sandblast (safe; 1% risk of failure)
Confirm with . or Enter, or press ? or * to list all spells.
Aiming: Sandblast (safe; 1% risk of failure)
Press: ? - help, Shift-Dir - straight line, f/p - water moccasin
Aim: a water moccasin (severely wounded, 72% to hit)
The blast of sand hits the water moccasin!
The water moccasin is almost dead.
You feel sick. The water moccasin bites you.
* * * LOW HITPOINT WARNING * * *
You are lethally poisoned!
The water moccasin poisons you! The water moccasin bites you.
* * * LOW HITPOINT WARNING * * *
The water moccasin bites you but does no damage.
Casting: Sandblast (safe; 1% risk of failure)
Confirm with . or Enter, or press ? or * to list all spells.
Aiming: Sandblast (safe; 1% risk of failure)
Press: ? - help, Shift-Dir - straight line, f/p - water moccasin
Aim: a water moccasin (almost dead, 72% to hit)
The blast of sand hits the water moccasin.
You kill the water moccasin!
You die...

##### .# #.###
#...#*.# *
########.###
#...# .#
...)......##
####...##.#
#######.....
#...<.....#**
####.#.##
#..†.....##.,
##.>..#.##
#........##.#*,
* * #........#
####...#..##.##
##.##.#..#
#...###.##@# ,
*#.##.#..# #...#
##..## ,
#.##..... ##.##
####
#######.##.....
#.#
##.............#
#.#
#........##.##.#
#. #..#######* #
#..###### , *,
###......... *
#...######## ,


There were no monsters in sight!

Vanquished Creatures
  A water moccasin (D:6)
  A black bear (D:6)
  An ogre (D:4)
  A phantom (D:5)
  A bullfrog (D:4)
  2 scorpions
  A jelly (D:6)
  4 hounds
  Natasha (D:2)
  Robin (D:3)
  4 gnolls (D:5)
  3 adders
  2 ufetubi
  5 worms
  2 dart slugs
  2 orcs
  4 endoplasms (D:3)
  2 giant cockroaches
  10 hobgoblins
  2 jackals (D:4)
  2 quokkas
  4 ball pythons
  5 bats
  2 frilled lizards (D:2)
  12 goblins
  6 kobolds
  5 rats
86 creatures vanquished.

Notes
Turn   | Place    | Note
-------+----------+-------------------------------------------
     0 | D:1      | Labrat the Meteoran Earth Elementalist began the quest for
                  | the Orb.
     0 | D:1      | Reached XP level 1. HP: 14/14 MP: 5/5
   117 | D:2      | Reached XP level 2. HP: 20/20 MP: 2/6
   117 | D:2      | Found a snail-covered altar of Cheibriados.
   179 | D:3      | Found an ancient bone altar of Kikubaaqudgha.
   190 | D:3      | Reached XP level 3. HP: 22/26 MP: 0/8
   222 | D:3      | Found a blossoming altar of Fedhas.
   224 | D:3      | Found a stormy altar of Qazlal.
   388 | D:2      | Noticed Natasha
   394 | D:2      | Killed Natasha
   395 | D:2      | Reached XP level 4. HP: 16/33 MP: 4/10
   526 | D:2      | Learned a level 2 spell: Passwall
   546 | D:1      | Reached XP level 5. HP: 35/38 MP: 5/11
   825 | D:4      | Noticed Robin
   838 | D:3      | Killed Robin
   939 | D:4      | Noticed a bullfrog
   943 | D:4      | Killed a bullfrog
   944 | D:4      | Reached skill level 5 in Earth Magic
   944 | D:4      | Reached XP level 6. HP: 41/45 MP: 9/13
   987 | D:5      | Entered Level 5 of the Dungeon
   996 | D:5      | Found a sacrificial altar of Ru.
  1029 | D:5      | Reached skill level 5 in Spellcasting
  1049 | D:5      | Found a broken altar of Ashenzari.
  1131 | D:5      | Reached XP level 7. HP: 50/50 MP: 13/15
  1180 | D:4      | Reached skill level 1 in Fighting
  1274 | D:6      | Reached XP level 8. HP: 45/62 MP: 13/19
  1278 | D:6      | Learned a level 3 spell: Stone Arrow
  1343 | D:6      | Found a glowing silver altar of Zin.
  1438 | D:6      | Reached skill level 1 in Conjurations
  1454 | D:6      | Succumbed to a water moccasin's poison

Illustrated notes

Levels and vault maps discovered:
D:1:      dpeg_arrival_three_bigger_balls, layout_loops_corners,
          shapermc_ecumenical_altar_gd, minmay_misc_feat_alley, st_stairs_10
D:2:      layout_basic, basic_altar, minmay_stone_trees_small, uniq_natasha
D:3:      layout_basic, grunt_temple_overflow_forces_of_nature,
          kiku_gazebo_pond_becter
D:4:      layout_basic, kennysheep_slug_shrine, minmay_temple_entry_slanted,
          nicolae_elevator_lobby_plus, uniq_pikel, uniq_robin, uniq_duvessa
D:5:      layout_rooms, mainiacjoe_overflow_alcove_4,
          nicolae_ashenzari_skybound, minmay_misc_feat_columns
D:6:      layout_loops_ring, marbit_many_paths, zin_statuary,
          kennysheep_another_room, bh_walls_and_bars, uniq_crazy_yiuf_cottage

Skill      XL: |  1  2  3  4  5  6  7  8 |
---------------+-------------------------+-----
Spellcasting   | 3 4 5 6 |  6.8
Earth Magic    | 4 5 6 |  6.0
Transmutations | 2 3 4 |  4.0
Fighting       | 2 |  2.7
Dodging        | 3 4 |  4.0
Conjurations   | 1 |  1.2
Stealth        | |  1.4

Action                     |  1- 3 |  4- 6 |  7- 9 || total
---------------------------+-------+-------+-------++-------
  Melee: Unarmed           |       |     1 |       ||     1
   Cast: Sandblast         |    40 |    80 |    40 ||   160
         Passwall          |       |     6 |       ||     6
 Armour: Robe              |     3 |     1 |       ||     4
         Animal skin       |       |     6 |    10 ||    16
  Dodge: Dodged            |    11 |    29 |    13 ||    53
